Sharks vs Senateurs
Created - February 16, 2021 at 19:39
Goals
|
| Sharks |
0 |
2 |
1 |
3 |
| Senateurs |
0 |
0 |
0 |
0 |
|
Shots
|
| Sharks |
9 |
11 |
15 |
35 |
| Senateurs |
7 |
10 |
5 |
22 |
|
1st period
No Goal
Penalties :
Anthony Bitetto (Ott) for Holding Stick (Minor) at 1:35, Jason Spezza (SJS) for Hooking (Minor) at 7:05
2nd period
1. Sharks , PK Subban 3 (Nick Palmieri 25, Jason Spezza 32) at 6:49 (PP)
2. Sharks , Nick Palmieri 21 (Drew Doughty 37, Jason Spezza 33) at 15:17
Penalties :
Nick Bjugstad (Ott) for High sticking (Minor) at 6:42
3rd period
3. Sharks , Zach Boychuk 6 (Drew Doughty 38, PK Subban 20) at 2:50
Penalties :
Eric Gelinas (Ott) for Hooking (Minor) at 5:07
Goalie Stats
Ryan Miller (SJS), 22 saves from 22 shots - (1.000), W, 22-10-10, 60:00 minutes
Jaroslav Halak (Ott), 32 saves from 35 shots - (0.914), L, 22-19-6, 60:00 minutes
Players Stats for Sharks
Player Name G A P +/- PIM S H SB GA TA FO MP PP MP PK MP
------------------------------------------------------------------------------------
Andrej Sekera 0 0 0 0 0 0 0 1 0 0 0/0 13:58 0:00 0:00
Bobby Butler 0 0 0 0 0 3 1 1 0 0 0/0 13:20 0:09 0:00
Boone Jenner 0 0 0 0 0 2 2 0 0 0 6/12 14:44 0:00 0:42
Brandon Dubinsky 0 0 0 0 0 1 2 0 0 0 0/0 16:04 1:40 0:44
Brayden McNabb 0 0 0 0 0 1 0 0 0 1 0/0 13:58 0:00 0:00
Drew Doughty 0 2 2 2 0 4 4 0 1 0 0/0 25:51 2:21 0:48
Jason Spezza 0 2 2 1 2 4 2 0 0 0 13/26 20:18 2:16 0:00
Jiri Tlusty 0 0 0 1 0 1 1 0 0 0 0/1 9:02 0:00 0:00
Karl Alzner 0 0 0 0 0 0 1 2 0 2 0/0 20:11 1:44 1:11
Luke Adam 0 0 0 0 0 1 0 2 1 0 4/8 13:11 0:00 0:00
Mike Cammalleri 0 0 0 1 0 2 2 2 0 1 2/4 20:37 2:16 0:18
Milan Michalek 0 0 0 0 0 2 0 0 1 1 0/0 13:59 0:09 0:15
Nick Palmieri 1 1 2 1 0 2 2 2 1 0 0/2 21:04 2:25 1:00
Oskar Osala 0 0 0 0 0 1 2 0 0 0 0/0 15:20 1:40 0:00
PK Subban 1 1 2 2 0 4 0 1 0 1 0/0 25:51 2:21 0:48
T.J. Hensick 0 0 0 1 0 3 1 0 1 1 0/2 10:31 1:40 0:11
Tyler Cuma 0 0 0 0 0 2 1 0 1 0 0/0 20:11 1:44 1:11
Zach Boychuk 1 0 1 1 0 2 2 0 1 0 1/1 9:50 0:00 0:48
Players Stats for Senateurs
Player Name G A P +/- PIM S H SB GA TA FO MP PP MP PK MP
------------------------------------------------------------------------------------
Anthony Bitetto 0 0 0 -1 2 1 1 1 0 0 0/0 4:38 0:00 0:30
Arturs Kulda 0 0 0 0 0 2 1 2 0 0 0/0 13:18 0:00 0:52
Brandon Burlon 0 0 0 0 0 1 0 1 0 0 0/0 12:26 0:00 0:00
Brian McGrattan 0 0 0 0 0 0 2 0 1 0 0/0 6:18 0:02 0:00
Cody Franson 0 0 0 0 0 0 1 4 0 0 0/0 23:45 1:06 2:14
Colby Armstrong 0 0 0 -1 0 1 4 0 1 0 0/1 17:42 0:56 0:00
Derek Boogaard 0 0 0 -1 0 0 3 1 0 0 2/2 19:25 1:01 1:56
Dion Phaneuf 0 0 0 -1 0 2 2 4 0 1 0/0 25:46 1:06 2:00
Eric Gelinas 0 0 0 -1 2 1 3 1 0 2 0/0 19:40 0:53 0:43
Marek Svatos 0 0 0 0 0 1 2 0 2 1 0/0 15:24 0:02 0:00
Matt Martin 0 0 0 -1 0 0 2 0 0 0 0/1 19:15 0:56 1:16
Maxim Lapierre 0 0 0 0 0 2 2 0 1 1 2/5 15:18 0:02 0:00
Nate Prosser 0 0 0 -1 0 0 1 0 1 1 0/0 20:37 0:53 1:51
Nick Bjugstad 0 0 0 -1 2 3 1 0 1 0 6/11 17:50 0:56 0:00
Peter Regin 0 0 0 0 0 0 0 0 0 0 2/4 6:44 0:00 0:40
Reilly Smith 0 0 0 -1 0 1 2 1 0 0 2/2 18:47 1:01 1:16
Sergei Kostitsyn 0 0 0 0 0 2 2 0 0 0 1/1 15:25 0:00 0:50
Sidney Crosby 0 0 0 -1 0 5 1 0 0 1 15/29 23:34 1:01 2:12
3 Stars
1 - Ryan Miller (SJS)
2 - Nick Palmieri (SJS)
3 - PK Subban (SJS)
Power Play
Sharks - 1 on 3 Attempt(s) - 33.33%
Senateurs - 0 on 1 Attempt(s) - 0.00%
Penalty Kill
Sharks - 1 on 1 Attempt(s) - 100.00%
- Score 0 goal in Penalty Kill
Senateurs - 2 on 3 Attempt(s) - 66.67%
- Score 0 goal in Penalty Kill
Team Stat
Sharks - Hits : 23 - Faceoff Wins : 26 - Blocked Shots : 11 - Penalty Minutes : 2
Senateurs - Hits : 30 - Faceoff Wins : 30 - Blocked Shots : 15 - Penalty Minutes : 6
Official
Referees : Unknown
Linesman : Unknown
Game Notes
No Game Note
Finance
Level 1 -- Attendance: 6000 (100.00%) -- Ticket Income $618,000
Level 2 -- Attendance: 4151 (83.02%) -- Ticket Income $282,268
Level 3 -- Attendance: 1487 (74.35%) -- Ticket Income $63,941
Level 4 -- Attendance: 3729 (93.23%) -- Ticket Income $104,412
Luxury Box -- Attendance: 1000 (100.00%) -- Ticket Income $180,000
Game was played at the Place Banque Scotia.
Total Attendance: 16367 (90.93%)
Total Ticket Income: $1,248,621
Other Income: $187,293
Total Income: $1,435,914
Sharks
5 vs 5 Forward
Center Left Wing Right Wing Time % Phy DF OF
1 Jason Spezza Mike Cammalleri Nick Palmieri 40 1 2 2
2 Boone Jenner Brandon Dubinsky Oskar Osala 30 1 2 2
3 Luke Adam Milan Michalek Bobby Butler 20 1 2 2
4 T.J. Hensick Zach Boychuk Jiri Tlusty 10 1 2 2
5 vs 5 Defense
Defense Defense Time % Phy DF OF
1 Drew Doughty PK Subban 40 1 2 2
2 Tyler Cuma Karl Alzner 30 1 2 2
3 Andrej Sekera Brayden McNabb 20 1 2 2
4 Drew Doughty PK Subban 10 1 2 2
PowerPlay Forward
Center Left Wing Right Wing Time % Phy DF OF
1 Jason Spezza Mike Cammalleri Nick Palmieri 60 1 1 3
2 T.J. Hensick Brandon Dubinsky Oskar Osala 40 1 1 3
PowerPlay Defense
Defense Defense Time % Phy DF OF
1 Drew Doughty PK Subban 60 1 1 3
2 Tyler Cuma Karl Alzner 40 1 1 3
Penalty Kill 4 Players Forward
Center Wing Time % Phy DF OF
1 Jason Spezza Nick Palmieri 60 1 4 0
2 Mike Cammalleri Brandon Dubinsky 40 1 4 0
Penalty Kill 4 Players Defense
Defense Defense Time % Phy DF OF
1 Drew Doughty PK Subban 60 1 4 0
2 Tyler Cuma Karl Alzner 40 1 4 0
Penalty Kill - 3 Players Forward
Forward Time % Phy DF OF
1 Jason Spezza 60 1 4 0
2 Nick Palmieri 40 1 4 0
Penalty Kill - 3 Players Defense
Defense Defense Time % Phy DF OF
1 Drew Doughty PK Subban 60 1 4 0
2 Tyler Cuma Karl Alzner 40 1 4 0
4 vs 4 Forward
Center Wing Time % Phy DF OF
1 Jason Spezza Nick Palmieri 60 1 2 2
2 Mike Cammalleri Brandon Dubinsky 40 1 2 2
4 vs 4 Defense
Defense Defense Time % Phy DF OF
1 Drew Doughty PK Subban 60 1 2 2
2 Tyler Cuma Karl Alzner 40 1 2 2
Last Minutes Offensive
Center Left Wing Right Wing Defense Defense
Jason Spezza Mike Cammalleri Nick Palmieri Drew Doughty PK Subban
Last Minutes Defensive
Center Left Wing Right Wing Defense Defense
Jason Spezza Mike Cammalleri Nick Palmieri Drew Doughty PK Subban
Goaltenders
Starting : Ryan Miller
Backup : Antti Niemi
Extra Forwards
Normal : Milan Michalek, Bobby Butler, Zach Boychuk - PP : Milan Michalek, Bobby Butler - PK : Zach Boychuk
Extra Defensemen
Normal : Andrej Sekera, Brayden McNabb, Tyler Cuma - PP : Andrej Sekera - PK : Brayden McNabb, Tyler Cuma
Penalty Shots
Jason Spezza, Nick Palmieri, Mike Cammalleri, Brandon Dubinsky, Milan Michalek
Scratches
David Rundblad (Healthy)
Senateurs
5 vs 5 Forward
Center Left Wing Right Wing Time % Phy DF OF
1 Sidney Crosby Derek Boogaard Reilly Smith 40 1 2 2
2 Nick Bjugstad Matt Martin Colby Armstrong 30 1 2 2
3 Maxim Lapierre Sergei Kostitsyn Marek Svatos 20 1 2 2
4 Peter Regin Sidney Crosby Brian McGrattan 10 1 2 2
5 vs 5 Defense
Defense Defense Time % Phy DF OF
1 Dion Phaneuf Cody Franson 40 1 2 2
2 Eric Gelinas Nate Prosser 30 1 2 2
3 Brandon Burlon Arturs Kulda 20 1 2 2
4 Anthony Bitetto Dion Phaneuf 10 1 2 2
PowerPlay Forward
Center Left Wing Right Wing Time % Phy DF OF
1 Sidney Crosby Derek Boogaard Reilly Smith 60 1 2 2
2 Nick Bjugstad Matt Martin Colby Armstrong 40 1 2 2
PowerPlay Defense
Defense Defense Time % Phy DF OF
1 Dion Phaneuf Cody Franson 60 1 2 2
2 Eric Gelinas Nate Prosser 40 1 2 2
Penalty Kill 4 Players Forward
Center Wing Time % Phy DF OF
1 Sidney Crosby Derek Boogaard 60 1 2 2
2 Matt Martin Reilly Smith 40 1 2 2
Penalty Kill 4 Players Defense
Defense Defense Time % Phy DF OF
1 Dion Phaneuf Cody Franson 60 1 2 2
2 Eric Gelinas Nate Prosser 40 1 2 2
Penalty Kill - 3 Players Forward
Forward Time % Phy DF OF
1 Sidney Crosby 60 1 2 2
2 Derek Boogaard 40 1 2 2
Penalty Kill - 3 Players Defense
Defense Defense Time % Phy DF OF
1 Dion Phaneuf Cody Franson 60 1 2 2
2 Eric Gelinas Nate Prosser 40 1 2 2
4 vs 4 Forward
Center Wing Time % Phy DF OF
1 Sidney Crosby Derek Boogaard 60 1 2 2
2 Matt Martin Reilly Smith 40 1 2 2
4 vs 4 Defense
Defense Defense Time % Phy DF OF
1 Dion Phaneuf Cody Franson 60 1 2 2
2 Eric Gelinas Nate Prosser 40 1 2 2
Last Minutes Offensive
Center Left Wing Right Wing Defense Defense
Sidney Crosby Derek Boogaard Reilly Smith Dion Phaneuf Cody Franson
Last Minutes Defensive
Center Left Wing Right Wing Defense Defense
Sidney Crosby Derek Boogaard Reilly Smith Dion Phaneuf Cody Franson
Goaltenders
Starting : Jaroslav Halak
Backup : Jonas Hiller
Extra Forwards
Normal : Marek Svatos, Maxim Lapierre, Peter Regin - PP : Marek Svatos, Maxim Lapierre - PK : Peter Regin
Extra Defensemen
Normal : Brandon Burlon, Arturs Kulda, Anthony Bitetto - PP : Brandon Burlon - PK : Arturs Kulda, Anthony Bitetto
Penalty Shots
Sidney Crosby, Derek Boogaard, Matt Martin, Reilly Smith, Colby Armstrong
Scratches
Matt Moulson (Healthy)
% Time on Ice - Sharks
Lines # - Real PCT - Wanted PCT - Time Play
Normal Forward
1 - 33% - 40% - 17:39
2 - 26% - 30% - 14:04
3 - 24% - 20% - 13:11
4 - 17% - 10% - 9:02
Normal Defense
1 - 37% - 40% - 19:44
2 - 32% - 30% - 17:16
3 - 26% - 20% - 13:58
4 - 6% - 10% - 2:58
PP Forward
1 - 59% - 60% - 2:25
2 - 41% - 40% - 1:40
PP Defense
1 - 58% - 60% - 2:21
2 - 42% - 40% - 1:44
PK Forward
1 - 85% - 60% - 1:41
2 - 15% - 40% - 0:18
PK Defense
1 - 40% - 60% - 0:48
2 - 60% - 40% - 1:11
PK3 Forward
1 - 0% - 60%
2 - 0% - 40%
PK3 Defense
1 - 0% - 60%
2 - 0% - 40%
44 Forward
1 - 0% - 60%
2 - 0% - 40%
44 Defense
1 - 0% - 60%
2 - 0% - 40%
Last Minute Offensive - 0:00
Last Minute Defensive - 0:00
Total
Forward - 60:00
Defense - 60:00
|
% Time on Ice - Senateurs
Lines # - Real PCT - Wanted PCT - Time Play
Normal Forward
1 - 31% - 40% - 16:42
2 - 31% - 30% - 16:58
3 - 27% - 20% - 14:24
4 - 11% - 10% - 5:52
Normal Defense
1 - 37% - 40% - 20:13
2 - 34% - 30% - 18:05
3 - 23% - 20% - 12:26
4 - 6% - 10% - 3:12
PP Forward
1 - 53% - 60% - 1:03
2 - 47% - 40% - 0:56
PP Defense
1 - 55% - 60% - 1:06
2 - 45% - 40% - 0:53
PK Forward
1 - 69% - 60% - 2:49
2 - 31% - 40% - 1:16
PK Defense
1 - 49% - 60% - 2:00
2 - 51% - 40% - 2:05
PK3 Forward
1 - 0% - 60%
2 - 0% - 40%
PK3 Defense
1 - 0% - 60%
2 - 0% - 40%
44 Forward
1 - 0% - 60%
2 - 0% - 40%
44 Defense
1 - 0% - 60%
2 - 0% - 40%
Last Minute Offensive - 0:00
Last Minute Defensive - 0:00
Total
Forward - 60:00
Defense - 60:00
|
Play-by-Play
1st period
0:01 of 1st period - Sidney Crosby wins face-off versus Jason Spezza in neutral zone.
0:26 of 1st period - Jason Spezza is hit by Sergei Kostitsyn and loses puck.
0:35 of 1st period - Slapshot by Sergei Kostitsyn.
0:35 of 1st period - Shot Misses the Net.
0:37 of 1st period - Slapshot by Maxim Lapierre.
0:37 of 1st period - Shot Misses the Net.
0:39 of 1st period - Slapshot by Eric Gelinas.
0:39 of 1st period - Shot Misses the Net.
0:53 of 1st period - Snap shot by Boone Jenner.
0:53 of 1st period - Stopped by Jaroslav Halak without a rebound.
0:54 of 1st period - Peter Regin wins face-off versus Boone Jenner in Senateurs zone.
0:58 of 1st period - Off-side.
0:59 of 1st period - Peter Regin wins face-off versus Luke Adam in neutral zone.
1:06 of 1st period - Wrist shot by Brian McGrattan.
1:06 of 1st period - Shot Misses the Net.
1:08 of 1st period - Snap shot by Sidney Crosby.
1:08 of 1st period - Stopped by Ryan Miller with a rebound.
1:10 of 1st period - Slapshot by Brandon Burlon.
1:10 of 1st period - Stopped by Ryan Miller with a rebound.
1:14 of 1st period - Snap shot by Peter Regin.
1:14 of 1st period - Shot Blocked by Karl Alzner.
1:32 of 1st period - Slapshot by Tyler Cuma.
1:32 of 1st period - Deflect By Boone Jenner.
1:32 of 1st period - Shot Misses the Net.
1:32 of 1st period - Puck is out of play.
1:33 of 1st period - Sidney Crosby wins face-off versus Jiri Tlusty in Senateurs zone.
1:35 of 1st period - Minor Penalty to Anthony Bitetto for Holding Stick.
1:36 of 1st period - Derek Boogaard wins face-off versus Jason Spezza in Senateurs zone.
1:50 of 1st period - Wrist shot by Jason Spezza.
1:50 of 1st period - Shot Blocked by Dion Phaneuf.
3:35 of 1st period - Penalty to Anthony Bitetto is over, Anthony Bitetto is back on ice.
3:58 of 1st period - Arturs Kulda is hit by Zach Boychuk and loses puck.
4:41 of 1st period - Slapshot by Jiri Tlusty.
4:41 of 1st period - Stopped by Jaroslav Halak with a rebound.
4:57 of 1st period - Snap shot by Colby Armstrong.
4:57 of 1st period - Stopped by Ryan Miller with a rebound.
5:17 of 1st period - Drew Doughty is hit by Brian McGrattan and loses puck.
5:48 of 1st period - Drew Doughty is hit by Arturs Kulda and loses puck.
5:59 of 1st period - Cody Franson is hit by Oskar Osala and loses puck.
6:40 of 1st period - Eric Gelinas is hit by Brandon Dubinsky and loses puck.
6:59 of 1st period - Peter Regin is hit by Mike Cammalleri.
7:05 of 1st period - Minor Penalty to Jason Spezza for Hooking.
7:06 of 1st period - Zach Boychuk wins face-off versus Sidney Crosby in Sharks zone.
8:20 of 1st period - Brandon Dubinsky is hit by Colby Armstrong.
8:53 of 1st period - Derek Boogaard is hit by Karl Alzner and loses puck.
9:05 of 1st period - Penalty to Jason Spezza is over, Jason Spezza is back on ice.
9:06 of 1st period - Milan Michalek is hit by Maxim Lapierre and loses puck.
9:28 of 1st period - Slapshot by Jason Spezza.
9:28 of 1st period - Stopped by Jaroslav Halak without a rebound.
9:29 of 1st period - Maxim Lapierre wins face-off versus Boone Jenner in Senateurs zone.
9:36 of 1st period - Snap shot by Brandon Dubinsky.
9:36 of 1st period - Shot Misses the Net.
9:56 of 1st period - Colby Armstrong is hit by T.J. Hensick and loses puck.
10:13 of 1st period - Snap shot by Sidney Crosby.
10:13 of 1st period - Stopped by Ryan Miller without a rebound.
10:14 of 1st period - Jason Spezza wins face-off versus Sidney Crosby in Sharks zone.
10:14 of 1st period - Jason Spezza is hit by Sidney Crosby.
10:28 of 1st period - Snap shot by Jason Spezza.
10:28 of 1st period - Shot Misses the Net.
10:43 of 1st period - Wrist shot by Bobby Butler.
10:43 of 1st period - Deflect By Milan Michalek.
10:43 of 1st period - Stopped by Jaroslav Halak with a rebound.
10:45 of 1st period - Slapshot by Karl Alzner.
10:45 of 1st period - Deflect By Luke Adam.
10:45 of 1st period - Shot Misses the Net.
10:45 of 1st period - Puck is out of play.
10:46 of 1st period - Nick Bjugstad wins face-off versus Boone Jenner in Senateurs zone.
10:46 of 1st period - Nick Bjugstad is hit by Drew Doughty.
10:58 of 1st period - Wrist shot by Nick Bjugstad.
10:58 of 1st period - Stopped by Ryan Miller without a rebound.
10:59 of 1st period - Sidney Crosby wins face-off versus Jason Spezza in Sharks zone.
11:00 of 1st period - Wrist shot by Derek Boogaard.
11:00 of 1st period - Shot Blocked by Mike Cammalleri.
11:24 of 1st period - Matt Martin is hit by Boone Jenner and loses puck.
11:57 of 1st period - Snap shot by Milan Michalek.
11:57 of 1st period - Deflect By Luke Adam.
11:57 of 1st period - Stopped by Jaroslav Halak with a rebound.
12:50 of 1st period - Snap shot by Zach Boychuk.
12:50 of 1st period - Stopped by Jaroslav Halak without a rebound.
12:51 of 1st period - Sidney Crosby wins face-off versus Jason Spezza in Senateurs zone.
12:53 of 1st period - Icing by Dion Phaneuf.
12:54 of 1st period - Sidney Crosby wins face-off versus Mike Cammalleri in Senateurs zone.
13:07 of 1st period - Snap shot by Sidney Crosby.
13:07 of 1st period - Stopped by Ryan Miller with a rebound.
13:09 of 1st period - Wrist shot by Reilly Smith.
13:09 of 1st period - Stopped by Ryan Miller without a rebound.
13:10 of 1st period - Boone Jenner wins face-off versus Nick Bjugstad in Sharks zone.
13:10 of 1st period - Boone Jenner is hit by Cody Franson.
13:36 of 1st period - Derek Boogaard is hit by Drew Doughty and loses puck.
13:41 of 1st period - Slapshot by Tyler Cuma.
13:41 of 1st period - Shot Misses the Net.
14:14 of 1st period - Slapshot by Jason Spezza.
14:14 of 1st period - Stopped by Jaroslav Halak with a rebound.
14:18 of 1st period - Wrist shot by T.J. Hensick.
14:18 of 1st period - Stopped by Jaroslav Halak without a rebound.
14:19 of 1st period - Nick Bjugstad wins face-off versus T.J. Hensick in Senateurs zone.
14:42 of 1st period - Eric Gelinas is hit by Zach Boychuk and loses puck.
14:53 of 1st period - Snap shot by T.J. Hensick.
14:53 of 1st period - Shot Misses the Net.
15:53 of 1st period - Snap shot by T.J. Hensick.
15:53 of 1st period - Stopped by Jaroslav Halak without a rebound.
15:54 of 1st period - Derek Boogaard wins face-off versus Mike Cammalleri in Senateurs zone.
16:21 of 1st period - Sergei Kostitsyn is hit by Oskar Osala.
16:27 of 1st period - Wrist shot by Boone Jenner.
16:27 of 1st period - Shot Blocked by Cody Franson.
16:51 of 1st period - Backhand shot by Peter Regin.
16:51 of 1st period - Shot Misses the Net.
18:51 of 1st period - Brandon Dubinsky is hit by Anthony Bitetto and loses puck.
19:19 of 1st period - Snap shot by Luke Adam.
19:19 of 1st period - Shot Misses the Net.
19:35 of 1st period - Brandon Dubinsky is hit by Marek Svatos and loses puck.
Goals for this period are 0 for Sharks vs 0 for Senateurs.
Shots for this period are 9 for Sharks vs 7 for Senateurs.
2nd period
0:01 of 2nd period - Sidney Crosby wins face-off versus Jason Spezza in neutral zone.
0:04 of 2nd period - Jason Spezza is hit by Dion Phaneuf.
0:07 of 2nd period - Off-side.
0:08 of 2nd period - Jason Spezza wins face-off versus Sidney Crosby in neutral zone.
0:21 of 2nd period - Wrist shot by Nick Palmieri.
0:21 of 2nd period - Shot Blocked by Dion Phaneuf.
0:23 of 2nd period - Snap shot by Drew Doughty.
0:23 of 2nd period - Stopped by Jaroslav Halak without a rebound.
0:24 of 2nd period - Nick Bjugstad wins face-off versus Boone Jenner in Senateurs zone.
1:32 of 2nd period - Off-side.
1:33 of 2nd period - Nick Bjugstad wins face-off versus T.J. Hensick in neutral zone.
1:45 of 2nd period - Tyler Cuma is hit by Colby Armstrong and loses puck.
2:23 of 2nd period - Snap shot by Nick Palmieri.
2:23 of 2nd period - Shot Blocked by Cody Franson.
2:31 of 2nd period - Slapshot by Dion Phaneuf.
2:31 of 2nd period - Stopped by Ryan Miller with a rebound.
2:43 of 2nd period - Icing by Milan Michalek.
2:44 of 2nd period - Luke Adam wins face-off versus Peter Regin in Sharks zone.
3:27 of 2nd period - Wrist shot by Maxim Lapierre.
3:27 of 2nd period - Shot Misses the Net.
3:31 of 2nd period - Backhand shot by Maxim Lapierre.
3:31 of 2nd period - Stopped by Ryan Miller with a rebound.
3:33 of 2nd period - Slapshot by Arturs Kulda.
3:33 of 2nd period - Stopped by Ryan Miller without a rebound.
3:34 of 2nd period - Jason Spezza wins face-off versus Sidney Crosby in Sharks zone.
3:59 of 2nd period - Cody Franson is hit by Boone Jenner and loses puck.
4:49 of 2nd period - Reilly Smith is hit by Jiri Tlusty and loses puck.
4:56 of 2nd period - Jiri Tlusty is hit by Reilly Smith and loses puck.
5:31 of 2nd period - Wrist shot by Marek Svatos.
5:31 of 2nd period - Stopped by Ryan Miller with a rebound.
5:33 of 2nd period - Slapshot by Arturs Kulda.
5:33 of 2nd period - Stopped by Ryan Miller with a rebound.
5:55 of 2nd period - Snap shot by Bobby Butler.
5:55 of 2nd period - Deflect By Dion Phaneuf.
5:55 of 2nd period - Stopped by Jaroslav Halak without a rebound.
5:56 of 2nd period - Mike Cammalleri wins face-off versus Colby Armstrong in Senateurs zone.
6:05 of 2nd period - Snap shot by Jason Spezza.
6:05 of 2nd period - Shot Blocked by Cody Franson.
6:07 of 2nd period - Slapshot by Mike Cammalleri.
6:07 of 2nd period - Stopped by Jaroslav Halak without a rebound.
6:08 of 2nd period - Sidney Crosby wins face-off versus Jason Spezza in Senateurs zone.
6:13 of 2nd period - Wrist shot by Cody Franson.
6:13 of 2nd period - Shot Blocked by PK Subban.
6:21 of 2nd period - Wrist shot by Nick Palmieri.
6:21 of 2nd period - Shot Misses the Net.
6:37 of 2nd period - Off-side.
6:38 of 2nd period - Jason Spezza wins face-off versus Nick Bjugstad in neutral zone.
6:42 of 2nd period - Minor Penalty to Nick Bjugstad for High sticking.
6:43 of 2nd period - Jason Spezza wins face-off versus Sidney Crosby in Senateurs zone.
6:47 of 2nd period - Wrist shot by Nick Palmieri.
6:47 of 2nd period - Shot Misses the Net.
6:49 of 2nd period - Slapshot by PK Subban.
6:49 of 2nd period - Goal by PK Subban - Sharks : 1 - Senateurs : 0.
6:50 of 2nd period - Sidney Crosby wins face-off versus Jason Spezza in neutral zone.
7:15 of 2nd period - PK Subban is hit by Dion Phaneuf and loses puck.
7:28 of 2nd period - Snap shot by Sergei Kostitsyn.
7:28 of 2nd period - Stopped by Ryan Miller with a rebound.
7:42 of 2nd period - Drew Doughty is hit by Eric Gelinas and loses puck.
8:50 of 2nd period - Slapshot by Bobby Butler.
8:50 of 2nd period - Deflect By Milan Michalek.
8:50 of 2nd period - Shot Blocked by Cody Franson.
8:50 of 2nd period - Puck is out of play.
8:51 of 2nd period - Nick Bjugstad wins face-off versus Luke Adam in Senateurs zone.
9:38 of 2nd period - Snap shot by Jason Spezza.
9:38 of 2nd period - Shot Blocked by Derek Boogaard.
9:40 of 2nd period - Wrist shot by Andrej Sekera.
9:40 of 2nd period - Shot Blocked by Reilly Smith.
9:46 of 2nd period - Snap shot by Derek Boogaard.
9:46 of 2nd period - Shot Blocked by Nick Palmieri.
10:18 of 2nd period - Bobby Butler is hit by Marek Svatos and loses puck.
10:26 of 2nd period - Off-side.
10:27 of 2nd period - Sidney Crosby wins face-off versus Jason Spezza in neutral zone.
10:34 of 2nd period - Wrist shot by Sidney Crosby.
10:34 of 2nd period - Stopped by Ryan Miller without a rebound.
10:35 of 2nd period - Jason Spezza wins face-off versus Sidney Crosby in Sharks zone.
10:40 of 2nd period - Slapshot by PK Subban.
10:40 of 2nd period - Stopped by Jaroslav Halak with a rebound.
10:50 of 2nd period - Wrist shot by Sidney Crosby.
10:50 of 2nd period - Shot Misses the Net.
11:06 of 2nd period - Slapshot by Nick Bjugstad.
11:06 of 2nd period - Shot Misses the Net.
11:20 of 2nd period - Slapshot by Drew Doughty.
11:20 of 2nd period - Stopped by Jaroslav Halak without a rebound.
11:21 of 2nd period - Luke Adam wins face-off versus Maxim Lapierre in Senateurs zone.
11:22 of 2nd period - Slapshot by Tyler Cuma.
11:22 of 2nd period - Stopped by Jaroslav Halak without a rebound.
11:23 of 2nd period - Maxim Lapierre wins face-off versus Luke Adam in Senateurs zone.
11:32 of 2nd period - Slapshot by Karl Alzner.
11:32 of 2nd period - Shot Blocked by Eric Gelinas.
11:34 of 2nd period - Slapshot by Luke Adam.
11:34 of 2nd period - Shot Misses the Net.
11:36 of 2nd period - Snap shot by Bobby Butler.
11:36 of 2nd period - Stopped by Jaroslav Halak without a rebound.
11:37 of 2nd period - Sidney Crosby wins face-off versus Jason Spezza in Senateurs zone.
11:37 of 2nd period - Sidney Crosby is hit by Jason Spezza.
11:40 of 2nd period - Icing by Derek Boogaard.
11:41 of 2nd period - Jason Spezza wins face-off versus Sidney Crosby in Senateurs zone.
11:42 of 2nd period - Slapshot by Drew Doughty.
11:42 of 2nd period - Shot Misses the Net.
11:54 of 2nd period - Snap shot by Sidney Crosby.
11:54 of 2nd period - Shot Blocked by Nick Palmieri.
11:56 of 2nd period - Slapshot by Cody Franson.
11:56 of 2nd period - Shot Blocked by Mike Cammalleri.
12:48 of 2nd period - Reilly Smith is hit by Nick Palmieri and loses puck.
12:52 of 2nd period - Icing by Reilly Smith.
12:53 of 2nd period - Reilly Smith wins face-off versus Jason Spezza in Senateurs zone.
12:53 of 2nd period - Reilly Smith is hit by Mike Cammalleri.
13:27 of 2nd period - Snap shot by Milan Michalek.
13:27 of 2nd period - Stopped by Jaroslav Halak without a rebound.
13:28 of 2nd period - Jason Spezza wins face-off versus Nick Bjugstad in Senateurs zone.
13:39 of 2nd period - Nate Prosser is hit by Drew Doughty and loses puck.
13:48 of 2nd period - Colby Armstrong is hit by Jason Spezza.
14:08 of 2nd period - Wrist shot by Brandon Dubinsky.
14:08 of 2nd period - Shot Blocked by Anthony Bitetto.
14:31 of 2nd period - Snap shot by Dion Phaneuf.
14:31 of 2nd period - Stopped by Ryan Miller with a rebound.
15:05 of 2nd period - Wrist shot by Dion Phaneuf.
15:05 of 2nd period - Shot Misses the Net.
15:07 of 2nd period - Wrist shot by Nick Bjugstad.
15:07 of 2nd period - Shot Misses the Net.
15:09 of 2nd period - Wrist shot by Anthony Bitetto.
15:09 of 2nd period - Stopped by Ryan Miller without a rebound.
15:10 of 2nd period - Jason Spezza wins face-off versus Sidney Crosby in Sharks zone.
15:17 of 2nd period - Snap shot by Nick Palmieri.
15:17 of 2nd period - Goal by Nick Palmieri - Sharks : 2 - Senateurs : 0.
15:18 of 2nd period - Sidney Crosby wins face-off versus Jason Spezza in neutral zone.
15:25 of 2nd period - Drew Doughty is hit by Derek Boogaard.
15:53 of 2nd period - Snap shot by Matt Martin.
15:53 of 2nd period - Shot Misses the Net.
16:55 of 2nd period - Nick Palmieri is hit by Maxim Lapierre and loses puck.
17:02 of 2nd period - Slapshot by Cody Franson.
17:02 of 2nd period - Deflect By Sergei Kostitsyn.
17:02 of 2nd period - Stopped by Ryan Miller without a rebound.
17:03 of 2nd period - Sidney Crosby wins face-off versus Boone Jenner in Sharks zone.
18:14 of 2nd period - Wrist shot by Boone Jenner.
18:14 of 2nd period - Shot Misses the Net.
18:16 of 2nd period - Snap shot by Boone Jenner.
18:16 of 2nd period - Shot Blocked by Arturs Kulda.
18:28 of 2nd period - Nick Palmieri is hit by Reilly Smith and loses puck.
19:46 of 2nd period - Wrist shot by T.J. Hensick.
19:46 of 2nd period - Stopped by Jaroslav Halak with a rebound.
Goals for this period are 2 for Sharks vs 0 for Senateurs.
Shots for this period are 11 for Sharks vs 10 for Senateurs.
3rd period
0:01 of 3rd period - Jason Spezza wins face-off versus Sidney Crosby in neutral zone.
0:10 of 3rd period - Slapshot by Drew Doughty.
0:10 of 3rd period - Shot Misses the Net.
0:12 of 3rd period - Slapshot by PK Subban.
0:12 of 3rd period - Stopped by Jaroslav Halak with a rebound.
0:14 of 3rd period - Slapshot by Drew Doughty.
0:14 of 3rd period - Deflect By Jason Spezza.
0:14 of 3rd period - Stopped by Jaroslav Halak with a rebound.
0:16 of 3rd period - Slapshot by Jason Spezza.
0:16 of 3rd period - Shot Misses the Net.
0:26 of 3rd period - Oskar Osala is hit by Nick Bjugstad and loses puck.
0:49 of 3rd period - Snap shot by Luke Adam.
0:49 of 3rd period - Shot Misses the Net.
0:51 of 3rd period - Snap shot by Bobby Butler.
0:51 of 3rd period - Shot Misses the Net.
1:53 of 3rd period - Brayden McNabb is hit by Nate Prosser and loses puck.
2:04 of 3rd period - Snap shot by Milan Michalek.
2:04 of 3rd period - Shot Blocked by Arturs Kulda.
2:06 of 3rd period - Snap shot by Milan Michalek.
2:06 of 3rd period - Deflect By Bobby Butler.
2:06 of 3rd period - Stopped by Jaroslav Halak with a rebound.
2:32 of 3rd period - Wrist shot by Sidney Crosby.
2:32 of 3rd period - Shot Misses the Net.
2:50 of 3rd period - Snap shot by Zach Boychuk.
2:50 of 3rd period - Goal by Zach Boychuk - Sharks : 3 - Senateurs : 0.
2:51 of 3rd period - Sidney Crosby wins face-off versus Jason Spezza in neutral zone.
3:21 of 3rd period - Brandon Dubinsky is hit by Colby Armstrong and loses puck.
3:29 of 3rd period - Wrist shot by Oskar Osala.
3:29 of 3rd period - Stopped by Jaroslav Halak with a rebound.
3:35 of 3rd period - Slapshot by Dion Phaneuf.
3:35 of 3rd period - Shot Blocked by Luke Adam.
3:41 of 3rd period - Milan Michalek is hit by Sergei Kostitsyn and loses puck.
4:00 of 3rd period - Cody Franson is hit by Drew Doughty and loses puck.
4:09 of 3rd period - Cody Franson is hit by Nick Palmieri and loses puck.
4:24 of 3rd period - Wrist shot by Nick Bjugstad.
4:24 of 3rd period - Shot Misses the Net.
5:07 of 3rd period - Minor Penalty to Eric Gelinas for Hooking.
5:08 of 3rd period - Jason Spezza wins face-off versus Sidney Crosby in Senateurs zone.
5:08 of 3rd period - Slapshot by Drew Doughty.
5:08 of 3rd period - Shot Misses the Net.
5:10 of 3rd period - Slapshot by PK Subban.
5:10 of 3rd period - Deflect By Mike Cammalleri.
5:10 of 3rd period - Shot Misses the Net.
5:10 of 3rd period - Puck is out of play.
5:11 of 3rd period - Sidney Crosby wins face-off versus Jason Spezza in Senateurs zone.
5:40 of 3rd period - Snap shot by Drew Doughty.
5:40 of 3rd period - Stopped by Jaroslav Halak with a rebound.
7:07 of 3rd period - Penalty to Eric Gelinas is over, Eric Gelinas is back on ice.
7:18 of 3rd period - Icing by Tyler Cuma.
7:19 of 3rd period - Sergei Kostitsyn wins face-off versus Luke Adam in Sharks zone.
7:26 of 3rd period - Snap shot by Marek Svatos.
7:26 of 3rd period - Shot Blocked by Bobby Butler.
7:28 of 3rd period - Wrist shot by Sergei Kostitsyn.
7:28 of 3rd period - Deflect By Marek Svatos.
7:28 of 3rd period - Shot Blocked by Karl Alzner.
7:28 of 3rd period - Puck is out of play.
7:29 of 3rd period - Boone Jenner wins face-off versus Maxim Lapierre in Sharks zone.
8:38 of 3rd period - Snap shot by Brayden McNabb.
8:38 of 3rd period - Stopped by Jaroslav Halak with a rebound.
8:40 of 3rd period - Slapshot by Brayden McNabb.
8:40 of 3rd period - Deflect By Jason Spezza.
8:40 of 3rd period - Shot Misses the Net.
8:40 of 3rd period - Puck is out of play.
8:41 of 3rd period - Boone Jenner wins face-off versus Peter Regin in Senateurs zone.
8:46 of 3rd period - Snap shot by Boone Jenner.
8:46 of 3rd period - Stopped by Jaroslav Halak with a rebound.
9:08 of 3rd period - Karl Alzner is hit by Colby Armstrong and loses puck.
9:55 of 3rd period - Snap shot by Sidney Crosby.
9:55 of 3rd period - Shot Blocked by Andrej Sekera.
9:57 of 3rd period - Snap shot by Sidney Crosby.
9:57 of 3rd period - Shot Misses the Net.
10:20 of 3rd period - Backhand shot by Brandon Dubinsky.
10:20 of 3rd period - Shot Blocked by Brandon Burlon.
10:22 of 3rd period - Snap shot by Oskar Osala.
10:22 of 3rd period - Shot Misses the Net.
10:32 of 3rd period - Karl Alzner is hit by Brian McGrattan.
10:37 of 3rd period - Off-side.
10:38 of 3rd period - Mike Cammalleri wins face-off versus Sidney Crosby in neutral zone.
11:03 of 3rd period - Dion Phaneuf is hit by Brandon Dubinsky and loses puck.
11:10 of 3rd period - Snap shot by Oskar Osala.
11:10 of 3rd period - Shot Blocked by Dion Phaneuf.
11:26 of 3rd period - Icing by Karl Alzner.
11:27 of 3rd period - Boone Jenner wins face-off versus Matt Martin in Sharks zone.
11:27 of 3rd period - Boone Jenner is hit by Matt Martin.
11:53 of 3rd period - Snap shot by Sidney Crosby.
11:53 of 3rd period - Stopped by Ryan Miller without a rebound.
11:54 of 3rd period - Sidney Crosby wins face-off versus Nick Palmieri in Sharks zone.
12:09 of 3rd period - Slapshot by Drew Doughty.
12:09 of 3rd period - Deflect By Nick Palmieri.
12:09 of 3rd period - Shot Blocked by Dion Phaneuf.
12:09 of 3rd period - Puck is out of play.
12:10 of 3rd period - Luke Adam wins face-off versus Nick Bjugstad in Senateurs zone.
12:27 of 3rd period - Luke Adam is hit by Matt Martin and loses puck.
12:42 of 3rd period - Backhand shot by PK Subban.
12:42 of 3rd period - Stopped by Jaroslav Halak with a rebound.
12:44 of 3rd period - Slapshot by Drew Doughty.
12:44 of 3rd period - Stopped by Jaroslav Halak with a rebound.
12:46 of 3rd period - Snap shot by Jason Spezza.
12:46 of 3rd period - Stopped by Jaroslav Halak without a rebound.
12:47 of 3rd period - Jason Spezza wins face-off versus Sidney Crosby in Senateurs zone.
13:06 of 3rd period - Nick Palmieri is hit by Eric Gelinas and loses puck.
13:21 of 3rd period - Snap shot by Nick Bjugstad.
13:21 of 3rd period - Stopped by Ryan Miller with a rebound.
13:27 of 3rd period - Snap shot by Tyler Cuma.
13:27 of 3rd period - Stopped by Jaroslav Halak without a rebound.
13:28 of 3rd period - Nick Bjugstad wins face-off versus Boone Jenner in Senateurs zone.
14:06 of 3rd period - Nick Palmieri is hit by Derek Boogaard and loses puck.
14:47 of 3rd period - Karl Alzner is hit by Eric Gelinas and loses puck.
15:08 of 3rd period - Arturs Kulda is hit by Tyler Cuma and loses puck.
15:49 of 3rd period - Snap shot by Maxim Lapierre.
15:49 of 3rd period - Stopped by Ryan Miller with a rebound.
16:12 of 3rd period - Icing by Boone Jenner.
16:13 of 3rd period - Boone Jenner wins face-off versus Sidney Crosby in Sharks zone.
16:24 of 3rd period - Wrist shot by Brandon Dubinsky.
16:24 of 3rd period - Stopped by Jaroslav Halak without a rebound.
16:25 of 3rd period - Reilly Smith wins face-off versus Nick Palmieri in Senateurs zone.
17:07 of 3rd period - Snap shot by Eric Gelinas.
17:07 of 3rd period - Stopped by Ryan Miller with a rebound.
17:17 of 3rd period - Maxim Lapierre is hit by Bobby Butler and loses puck.
17:42 of 3rd period - Jiri Tlusty is hit by Derek Boogaard and loses puck.
17:59 of 3rd period - Slapshot by Nick Bjugstad.
17:59 of 3rd period - Stopped by Ryan Miller without a rebound.
18:00 of 3rd period - Jason Spezza wins face-off versus Nick Bjugstad in Sharks zone.
18:11 of 3rd period - Snap shot by Jason Spezza.
18:11 of 3rd period - Shot Hit the Post.
18:13 of 3rd period - Snap shot by Nick Palmieri.
18:13 of 3rd period - Stopped by Jaroslav Halak with a rebound.
18:15 of 3rd period - Slapshot by Mike Cammalleri.
18:15 of 3rd period - Stopped by Jaroslav Halak without a rebound.
18:16 of 3rd period - Boone Jenner wins face-off versus Sidney Crosby in Senateurs zone.
19:04 of 3rd period - Wrist shot by Marek Svatos.
19:04 of 3rd period - Deflect By Maxim Lapierre.
19:04 of 3rd period - Shot Blocked by Luke Adam.
19:04 of 3rd period - Puck is out of play.
19:05 of 3rd period - Luke Adam wins face-off versus Maxim Lapierre in Sharks zone.
Goals for this period are 1 for Sharks vs 0 for Senateurs.
Shots for this period are 15 for Sharks vs 5 for Senateurs.